 Dungeon Crawl Stone Soup version 0.26.1-2-gb8aa6d0cf2 (webtiles) character file.

Game seed: 9917524602665919166

165 phalm the Shield-Bearer (level 5, -2/33 HPs)
             Began as a Gargoyle Fighter on Mar 4, 2021.
             Killed by divine providence
             ... invoked by an orc priest
              (11 damage)
             ... on level 3 of the Dungeon.
             The game lasted 00:05:18 (2307 turns).

phalm the Shield-Bearer (Gargoyle Fighter)          Turns: 2307, Time: 00:05:19

Health: -2/33      AC: 17    Str: 21    XL:     5   Next: 46%
Magic:  5/5        EV:  4    Int: 14    God:
Gold:   70         SH:  9    Dex:  9    Spells: 4/4 levels left

rFire    . . .     SeeInvis .   m - +0 whip
rCold    . . .     Faith    .   c - +0 kite shield
rNeg     + . .     Spirit   .   a - +0 plate armour
rPois    ∞         Reflect  .   s - +0 helmet
rElec    +         Harm     .   (no cloak)
rCorr    .         Rampage  .   (no gloves)
Will     .....                  (no boots)
Stlth    ..........             (no amulet)
HPRegen  0.11/turn              i - +6 ring of intelligence
MPRegen  0.09/turn              (no ring)

@: no status effects
A: negative energy resistance 1, electricity resistance, unbreathing,
petrification resistance, miasma immunity, AC +4
a: no special abilities


You were on level 3 of the Dungeon.
You visited 1 branch of the dungeon, and saw 3 of its levels.

You collected 70 gold pieces.

Inventory:

Hand Weapons
 m - a +0 whip (weapon)
Armour
 a - a +0 plate armour (worn)
 c - a +0 kite shield (worn)
 s - a +0 helmet (worn)
Jewellery
 i - a +6 ring of intelligence (left hand)
Scrolls
 b - a scroll of random uselessness {unknown}
 e - 3 scrolls of magic mapping {unknown}
 f - a scroll of blinking {unknown}
 h - 3 scrolls of identify {unknown}
 j - 2 scrolls of enchant weapon {unknown}
 l - 2 scrolls of immolation {unknown}
 o - 2 scrolls of remove curse {unknown}
Potions
 d - a potion of might
 g - 2 potions of attraction {unknown}
 k - 3 potions of mutation {unknown}
 n - a potion of flight {unknown}
 p - 5 potions of curing {unknown}
 q - a potion of brilliance {unknown}
 r - 3 potions of lignification {unknown}


   Skills:
 + Level 4.0 Fighting
 * Level 3.4 Maces & Flails
 + Level 4.1 Armour
 * Level 4.6 Shields


You had 4 spell levels left.
You didn't know any spells.
Your spell library was empty.

Dungeon Overview and Level Annotations

Branches:
Dungeon (3/15)

Altars:
The Shining One


Innate Abilities, Weirdness & Mutations

You are resistant to torment.
Your stone body is resilient. (AC +4)
You are immune to poison.
You resist negative energy. (rN+)
You are resistant to electric shocks. (rElec)
You can survive without breathing.
You are immune to petrification.
You are immune to miasma.


Message History

The orc wizard is moderately wounded.
You block the orc wizard's attack.
The orc priest calls down the wrath of Beogh upon you.
Beogh smites you!
* * * LOW HITPOINT WARNING * * *
The orc hits you but does no damage. The orc barely misses you.
The orc enters a dispersal trap!
The orc wizard blinks!
The orc blinks!
The orc priest blinks!
The orc blinks! x3; The orc wizard blinks! x2
The orc blinks!
The orc wizard blinks! x3; You blink.
The orc blinks!
The orc enters a dispersal trap!
The orc blinks! x2
You hit the orc.
The orc is moderately wounded.
You block the orc's attack.
The orc priest calls upon Beogh to heal something.
You block the orc's attack.
You hit the orc but do no damage.
The orc is moderately wounded.
The orc priest invokes the aid of Beogh against you.
Beogh smites you!
You die...

†...$####...o.......#
...#......###..####.
##...###### #o.#
###.## ###..# # #.#
#....# ..# ###.##o###
... .......o..# ####
#########o# #@# #.#
#.# #.# #.# #.# ...
...


You could see an orc priest and 2 orcs.

Vanquished Creatures
  Robin (D:2)
  3 gnolls (D:2)
  4 adders (D:2)
  A worm (D:2)
  3 dart slugs
  5 leopard geckos
  An orc (D:3)
  3 ball pythons
  6 bats
  2 giant cockroaches
  10 goblins
  11 hobgoblins
  4 jackals (D:2)
  3 kobolds (D:1)
  3 quokkas (D:2)
  2 frilled lizards
  10 rats
72 creatures vanquished.

Notes
Turn   | Place    | Note
-------+----------+-------------------------------------------
     0 | D:1      | phalm the Gargoyle Fighter began the quest for the Orb.
     0 | D:1      | Reached XP level 1. HP: 14/14 MP: 1/1
   207 | D:1      | Reached XP level 2. HP: 19/19 MP: 2/2
   899 | D:1      | Reached XP level 3. HP: 23/23 MP: 3/3
  1382 | D:2      | Reached XP level 4. HP: 26/29 MP: 4/4
  1458 | D:2      | Found a glowing golden altar of the Shining One.
  1727 | D:2      | Reached XP level 5. HP: 23/33 MP: 5/5
  1739 | D:2      | Noticed Robin
  1747 | D:2      | Killed Robin
  2307 | D:3      | Killed from afar by an orc priest

Illustrated notes

Levels and vault maps discovered:
D:1:      lightli_iron_boxes, layout_loops_corners, minmay_surrounded
D:2:      layout_basic, nicolae_tso_swordbearing_angel,
          kennysheep_pointless_box, uniq_robin
D:3:      layout_loops_ring, elyvilon_altar_1

Skill      XL: |  1  2  3  4  5 |
---------------+----------------+-----
Shields        | 4 |  4.6
Maces & Flails | 3 |  3.4
Armour         | 4 |  4.1
Fighting       | 4 |  4.0

Action                   |  1- 3 |  4- 6 || total
-------------------------+-------+-------++-------
Melee: Flail             |    57 |       ||    57
       Whip              |    82 |   200 ||   282
Armor: Chain mail        |    84 |    57 ||   141
       Plate armour      |       |    30 ||    30
Dodge: Dodged            |    29 |    21 ||    50
Block: Kite shield       |    69 |    80 ||   149
